 Dungeon Crawl Stone Soup version 0.32-a0-814-g0968bab981 (webtiles) character file.

Game seed: 18392110139286063947

583 shadizar the Magician (level 7, -2/45 HPs)
             Began as a Djinni Alchemist on Mar 22, 2024.
             Frozen to death by an endoplasm (7 damage)
             ... on level 4 of the Dungeon.
             The game lasted 00:04:26 (3808 turns).

shadizar the Magician (Djinni Alchemist)            Turns: 3808, Time: 00:04:27

Health: -2/45      AC:  3    Str:  7    XL:     7   Next: 64%
Gold:   227        EV: 11    Int: 18    God:
                   SH:  0    Dex: 14

rFire   + + .        (no weapon)
rCold   x . .        (no shield)
rNeg    . . .        a - +0 robe
rPois   ∞            (no helmet)
rElec   .            o - +0 cloak
rCorr   .            (no gloves)
SInv    .            (boots unavailable)
Will    .....        q - amulet of the acrobat
Stlth   ++           k - ring of wizardry
HPRegen 0.27/turn    (no ring)
MPRegen 0.00/turn

%: acrobat, wizardry (x1), infuse magic (-3 HP)
@: flying
A: sickness immunity, fire resistance 2, cold vulnerability 1, float, innate
caster, HP casting, extra vitality 1
a: no special abilities


You were on level 4 of the Dungeon.
You visited 1 branch of the dungeon, and saw 4 of its levels.

You collected 227 gold pieces.

Inventory:

Hand Weapons
 m - a +2 vampiric rapier
Armour
 a - a +0 robe (worn)
 o - a +0 cloak (worn)
Jewellery
 k - a ring of wizardry (left hand)
 q - an amulet of the acrobat (around neck)
Scrolls
 b - 4 scrolls of identify {unknown}
 c - a scroll of vulnerability {unknown}
 f - 4 scrolls of amnesia {unknown}
 g - 2 scrolls of poison {unknown}
 j - 3 scrolls of teleportation {unknown}
 l - a scroll of fear {unknown}
 n - a scroll of enchant weapon {unknown}
 r - a scroll of revelation {unknown}
Potions
 d - a potion of enlightenment {unknown}
 e - a potion of degeneration {unknown}
 h - a potion of cancellation {unknown}
 i - 3 potions of curing {unknown}
 p - a potion of might {unknown}


   Skills:
 - Level 2.1 Dodging
 - Level 1.5 Stealth
 + Level 6.7 Spellcasting
 + Level 6.7 Conjurations
 + Level 6.7 Hexes
 + Level 6.7 Summonings
 + Level 6.7 Necromancy
 + Level 6.7 Translocations
 + Level 6.7 Fire Magic
 + Level 6.7 Ice Magic
 + Level 6.7 Air Magic
 + Level 6.7 Earth Magic
 + Level 6.7 Alchemy


You knew the following spells:

 Your Spells              Type           Power      Damage    Failure   Level
a - Sting                 Conj/Alch      100%       1d9       1%          1
b - Mercury Vapours       Alch/Air       60%        N/A       1%          2
c - Mephitic Cloud        Conj/Alch/Air  30%        N/A       1%          3
d - Olgreb's Toxic Radia  Alch           30%        N/A       2%          4
e - Sticky Flame          Fire/Alch      30%        2d7       2%          4
f - Apportation           Tloc           60%        N/A       1%          1
g - Scorch                Fire           60%        2d7       1%          2
h - Volatile Blastmotes   Fire/Tloc      60%        2d15      1%          3
Your spell library was empty.

Dungeon Overview and Level Annotations

Branches:
Dungeon (4/15)
 Temple: D:4-7

Altars:
Beogh

Annotations:
D:4 2 transporters, johnj's ghost, novice GnMo


Innate Abilities, Weirdness & Mutations

You are immune to sickness and miasma.
You are immune to poison.
Your flesh is very heat resistant. (rF++)
You are vulnerable to cold. (rC-)
You float through the air rather than walking.
You learn spells naturally, not from books.
Your magical power is your life essence.
You have superior vitality. (+4 MHP)


Message History

* * * LOW HITPOINT WARNING * * *
The scorpion is engulfed in noxious fumes.
The scorpion appears confused.
Unknown command.
Unknown command.
Unknown command.
Unknown command.
Casting: Sting (safe; 1% risk of failure)
Confirm with . or Enter, or press ? or * to list all spells.
Aiming: Sting (safe; 1% risk of failure)
Press: ? - help, Shift-Dir - straight line, f/p - scorpion
Aim: a scorpion (noxious fumes, moderately wounded, confused, 92% to hit)
The sting hits the endoplasm.
The endoplasm partially resists.
The endoplasm is severely wounded.
* * * LOW HITPOINT WARNING * * *
The scorpion is engulfed in noxious fumes.
The endoplasm freezes you.
You are frozen.
You feel a terrible chill!
* * * LOW HITPOINT WARNING * * *
The scorpion stings you.
* * * LOW HITPOINT WARNING * * *
The scorpion stings itself.
Unknown command.
Unknown command.
Unknown command.
The endoplasm attacks as it pursues you!
The endoplasm completely misses you.
Okay, then.
Casting: Sting (safe; 1% risk of failure)
Confirm with . or Enter, or press ? or * to list all spells.
Aiming: Sting (safe; 1% risk of failure)
Press: ? - help, Shift-Dir - straight line, f/p - scorpion
Aim: a scorpion (heavily wounded, confused, 92% to hit)
The sting hits the scorpion but does no damage.
The scorpion is poisoned.
The scorpion is heavily wounded.
* * * LOW HITPOINT WARNING * * *
The endoplasm freezes you.
You are frozen!
You feel a terrible chill!
You die...

#.........## #..........#
#..........## ##...........#
#...........## ####
#...........# ...
#..........## #.#
##.........# ###..#
##...)....## #@...#
.#.......## ##J...#
........## ###.....#
###...#### #.#...s## #
###....####.#☼☼☼.# #
####......#§†###
######........#§########+####
##............#g............#
..............#..g..........#


You could see a scorpion (confused, poisoned), an endoplasm and a hobgoblin.

Vanquished Creatures
  A black bear (D:4)
  2 phantoms (D:4)
  2 scorpions (D:4)
  2 orc priests (D:3)
  A sleepcap (D:4)
  An orc wizard (D:3)
  3 adders
  2 dart slugs
  2 ribbon worms
  10 orcs
  6 ball pythons
  A bat (D:1)
  7 endoplasms
  A giant cockroach (D:3)
  11 goblins
  9 hobgoblins
  4 jackals (D:3)
  3 quokkas
  2 frilled lizards
  4 kobolds
  6 rats
80 creatures vanquished.

Notes
Turn   | Place    | Note
-------+----------+-------------------------------------------
     0 | D:1      | shadizar the Djinni Alchemist began the quest for the Orb.
     0 | D:1      | shadizar set off with the following spells memorised:
                  | Sting, Mercury Vapours, Mephitic Cloud, Olgreb's Toxic
                  | Radiance, Sticky Flame.
     0 | D:1      | Reached XP level 1. HP: 15/15 MP: 0/0
   245 | D:1      | Reached XP level 2. HP: 18/21 MP: 0/0
  1024 | D:2      | Reached XP level 3. HP: 20/25 MP: 0/0
  1024 | D:2      | Learned a level 1 spell: Apportation
  1839 | D:3      | Reached XP level 4. HP: 30/31 MP: 0/0
  2257 | D:3      | Reached XP level 5. HP: 31/35 MP: 0/0
  2257 | D:3      | Learned a level 2 spell: Scorch
  2357 | D:3      | Found a roughly hewn altar of Beogh.
  2418 | D:3      | Reached skill level 5 in Spellcasting
  2418 | D:3      | Reached skill level 5 in Conjurations
  2418 | D:3      | Reached skill level 5 in Hexes
  2418 | D:3      | Reached skill level 5 in Summonings
  2418 | D:3      | Reached skill level 5 in Necromancy
  2418 | D:3      | Reached skill level 5 in Translocations
  2418 | D:3      | Reached skill level 5 in Fire Magic
  2418 | D:3      | Reached skill level 5 in Ice Magic
  2418 | D:3      | Reached skill level 5 in Air Magic
  2418 | D:3      | Reached skill level 5 in Earth Magic
  2418 | D:3      | Reached skill level 5 in Alchemy
  2799 | D:3      | Reached XP level 6. HP: 39/40 MP: 0/0
  3327 | D:4      | Found a transporter.
  3330 | D:4      | Noticed johnj's ghost (novice GnMo)
  3334 | D:4      | Found a transporter.
  3740 | D:4      | Reached XP level 7. HP: 39/45 MP: 0/0
  3740 | D:4      | Learned a level 3 spell: Volatile Blastmotes
  3808 | D:4      | Frozen to death by an endoplasm

Illustrated notes

Levels and vault maps discovered:
D:1:      roderic_octagonal_star, layout_loops_corners
D:2:      layout_loops_cross, hangedman_decor_diamond_cutter
D:3:      layout_basic, serial_forest, infiniplex_forest_end_2,
          infiniplex_forest_straight_1, infiniplex_forest_lined_2,
          infiniplex_forest_clump_large, infiniplex_forest_lined_corner,
          infiniplex_forest_end_2, infiniplex_forest_end_2,
          infiniplex_forest_straight_5, kennysheep_orc_chapel
D:4:      minmay_opposing_rooms, layout_cave_pods, grunt_temple_overflow_open,
          gammafunk_ghost_mausoleum

Skill      XL: |  1  2  3  4  5  6 |
---------------+-------------------+-----
Spellcasting   | 4 5 6 |  6.7
Conjurations   | 4 5 6 |  6.7
Hexes          | 4 5 6 |  6.7
Summonings     | 4 5 6 |  6.7
Necromancy     | 4 5 6 |  6.7
Translocations | 4 5 6 |  6.7
Fire Magic     | 4 5 6 |  6.7
Ice Magic      | 4 5 6 |  6.7
Air Magic      | 4 5 6 |  6.7
Earth Magic    | 4 5 6 |  6.7
Alchemy        | 4 5 6 |  6.7
Dodging        | |  2.1
Stealth        | |  1.5

Action                     |  1- 3 |  4- 6 |  7- 9 || total
---------------------------+-------+-------+-------++-------
  Melee: Unarmed           |       |     5 |       ||     5
   Cast: Sting             |    77 |    88 |     8 ||   173
         Scorch            |       |     6 |    10 ||    16
         Mephitic Cloud    |       |     1 |     2 ||     3
 Armour: Robe              |     3 |    37 |     3 ||    43
  Dodge: Dodged            |    12 |    30 |     3 ||    45

Table legend: (Time is in decaauts)
 A = Elapsed time spent in this place.
 B = Non-inter-level travel time spent in this place.
 C = Inter-level travel time spent in this place.
 D = Time resting spent in this place.
 E = Time spent auto-exploring this place.
 F = Levels seen in this place.
 G = Mean time per level.
                   A        B        C        D        E       F      G
               +--------+--------+--------+--------+--------+-----+--------+
         Total |   3808 |   3686 |    122 |      0 |   3169 |   4 |  952.0 |
       Dungeon |   3808 |   3686 |    122 |      0 |   3169 |   4 |  952.0 |
               +--------+--------+--------+--------+--------+-----+--------+

Top non-repeatable levels by time:
     D:3: 1043 daAuts
     D:1: 986 daAuts
     D:2: 981 daAuts
     D:4: 797 daAuts
